 Dungeon Crawl Stone Soup version 0.26.0-18-gc5c842f807 (webtiles) character file.

Game seed: 16811919675273869335

58 hawla the Conjurer (level 3, 0/28 HPs)
             Began as a Draconian Conjurer on Jan 22, 2021.
             Slain by Terence
             ... wielding a +2 mace of protection
              (3 damage)
             ... on level 3 of the Dungeon.
             The game lasted 00:06:15 (2141 turns).

hawla the Conjurer (Draconian Conjurer)             Turns: 2141, Time: 00:06:16

Health: 0/28       AC:  7    Str:  9    XL:     3   Next: 76%
Magic:  1/8        EV: 12    Int: 19    God:
Gold:   71         SH:  0    Dex: 15    Spells: 6/9 levels left

rFire    . . .     SeeInvis .   d - +0 flail
rCold    . . .     Faith    .   (no shield)
rNeg     . . .     Spirit   .   (armour unavailable)
rPois    .         Reflect  .   (helmet restricted)
rElec    .         Harm     .   (no cloak)
rCorr    .         Rampage  .   g - +1 pair of gloves
Will     .....                  (no boots)
Stlth    ++........             (no amulet)
HPRegen  0.09/turn              l - ring of flight
MPRegen  0.11/turn              o - +6 ring of dexterity

@: no status effects
A: unfitting armour, cold-blooded, AC +5
a: Evoke Flight


You were on level 3 of the Dungeon.
You visited 1 branch of the dungeon, and saw 3 of its levels.

You collected 71 gold pieces.

Inventory:

Hand Weapons
 d - a +0 flail (weapon)
Missiles
 c - 5 boomerangs
 i - 14 poisoned darts
Armour
 g - a +1 pair of gloves (worn)
Jewellery
 l - a ring of flight (left hand)
 o - a +6 ring of dexterity (right hand)
 p - an uncursed amulet of faith
Scrolls
 b - a scroll of remove curse
 f - a scroll of fog
Potions
 a - a potion of lignification
 h - a potion of curing {unknown}
 j - a potion of attraction {unknown}
 n - a potion of berserk rage {unknown}
 q - a potion of haste {unknown}


   Skills:
 - Level 1.0 Fighting
 - Level 2.0 Dodging
 - Level 2.0 Stealth
 + Level 3.5 Spellcasting
 - Level 4.0 Conjurations


You had 6 spell levels left.
You knew the following spells:

 Your Spells              Type           Power        Failure   Level
a - Magic Dart            Conj           72%          2%          1
b - Searing Ray           Conj           36%          4%          2

Your spell library contained the following spells:

 Spells                   Type           Power        Failure   Level
 Dazzling Flash           Conj/Hex       20%          19%         3
 Fulminant Prism          Conj/Hex       5%           54%         4
 Iskenderun's Mystic Bla  Conj/Tloc      10%          54%         4


Dungeon Overview and Level Annotations

Branches:
Dungeon (3/15)

Altars:

Annotations:
D:3 Terence


Innate Abilities, Weirdness & Mutations

Your plain brown scales are hard. (AC +5)
You cannot fit into any form of body armour.
You are cold-blooded and may be slowed by cold attacks.


Message History

Terence is severely wounded.
Terence hits you with a +2 mace of protection.
* * * LOW HITPOINT WARNING * * *
You hit Terence.
Terence is severely wounded.
Terence barely misses you.
You hit Terence.
You tail-slap Terence, but do no damage.
Terence is almost dead.
Terence hits you but does no damage.
You hit Terence but do no damage.
Your tail-slap misses Terence.
Terence is almost dead.
Terence misses you.
You closely miss Terence.
Terence is almost dead.
Terence hits you with a +2 mace of protection.
* * * LOW HITPOINT WARNING * * *
Terence says, "How do you enjoy it?"
Terence hits you with a +2 mace of protection.
You die...

######># #......#
#....#######
#....##.$..######
#....#.....#.!..#
#....#.....#(...#
###.##.....#<...#
#.##.#@###....#
###########.##.#@#
#.†..#
........@....#.#.#
+....+
#.############.#.#
#....# #...#.#
..###. #.#.#.. ..#
#. #.#.### ### .#
..### .... .###.


You could see Terence.

Vanquished Creatures
  An adder (D:3)
  A worm (D:2)
  2 dart slugs
  A leopard gecko (D:1)
  2 orcs
  6 goblins
  5 hobgoblins
  4 jackals (D:1)
  A kobold (D:1)
  4 bats
  3 frilled lizards
  8 rats
38 creatures vanquished.

Notes
Turn   | Place    | Note
-------+----------+-------------------------------------------
     0 | D:1      | hawla the Draconian Conjurer began the quest for the Orb.
     0 | D:1      | Reached XP level 1. HP: 14/14 MP: 3/3
   395 | D:1      | Reached skill level 1 in Fighting
   395 | D:1      | Reached XP level 2. HP: 22/23 MP: 1/5
   861 | D:1      | Learned a level 2 spell: Searing Ray
  1235 | D:1      | Reached XP level 3. HP: 28/28 MP: 1/7
  1617 | D:2      | Found a faded altar of an unknown god.
  2071 | D:3      | Noticed Terence
  2141 | D:3      | Slain by Terence

Illustrated notes

Levels and vault maps discovered:
D:1:      minmay_arrival_wavy_path, layout_loops_corners
D:2:      layout_basic, chequers_ecumenical_altar_simple_redux
D:3:      layout_basic, minitemple, uniq_terence, uniq_natasha

Skill      XL: |  1  2  3 |
---------------+----------+-----
Stealth        | 2 |  2.0
Dodging        | 2 |  2.0
Fighting       | 1 |  1.0
Spellcasting   | 3 |  3.5
Conjurations   | |  4.0

Action                   || total
-------------------------++-------
Melee: Unarmed           ||    22
       Flail             ||     8
       Tailslap          ||     6
 Cast: Magic Dart        ||    55
       Searing Ray       ||     9
  Use: Scroll            ||    12
Armor: Skin              ||     9
Dodge: Dodged            ||    21
